 Dungeon Crawl Stone Soup version 0.24.0-125-gc4c63601f3 (webtiles) character file.

Game seed: 15912931971407926819, levelgen mode: deterministic

62 Descartes the Ducker (level 3, -1/17 HPs)
             Began as a Felid Monk on Feb 26, 2020.
             Succumbed to an adder's poison
             ... on level 2 of the Dungeon.
             The game lasted 00:02:30 (1642 turns).

Descartes the Ducker (Felid Monk)                   Turns: 1642, Time: 00:02:30

Health: -1/17      AC:  1    Str:  8    XL:     3   Next: 85%
Magic:  4/4        EV: 20    Int: 11    God:
Gold:   28         SH:  0    Dex: 18    Spells: 2/2 levels left
                                        Lives:  0   Deaths: 0

rFire    . . .     SeeInvis +     - Unarmed
rCold    . . .     Gourm    .   (shield unavailable)
rNeg     . . .     Faith    .   (armour unavailable)
rPois    .         Spirit   .   (helmet unavailable)
rElec    .         Reflect  .   (cloak unavailable)
rCorr    .         Harm     .   (gloves unavailable)
MR       .....                  (boots unavailable)
Stlth    +++.......             (no amulet)
HPRegen  0.05/turn              (no ring)
MPRegen  0.09/turn              (no ring)

@: lethally poisoned (-1 -> -20), quick
A: very small, no armour, no weapons or thrown items, stealth, claws 1, fangs 3,
see invisible, carnivore, speed 1, shaggy fur 1, slow metabolism 1, sharp paws
a: no special abilities


You were on level 2 of the Dungeon.
You were completely stuffed.

You visited 1 branch of the dungeon, and saw 2 of its levels.

You collected 28 gold pieces.

Inventory:

Missiles
 g - 8 arrows
 h - 29 stones
Jewellery
 e - an uncursed ring of see invisible {unknown}
Scrolls
 b - 2 scrolls of magic mapping {unknown}
 c - a scroll of random uselessness {unknown}
 d - a scroll of fog {unknown}
 j - a scroll of identify {unknown}
Potions
 f - a potion of agility {unknown}
Comestibles
 a - 4 rations
 i - a chunk of flesh


   Skills:
 + Level 3.4 Fighting
 + Level 4.5 Dodging
 + Level 3.5 Stealth
 * Level 3.8 Unarmed Combat


You had 2 spell levels left.
You didn't know any spells.
Your spell library was empty.

Dungeon Overview and Level Annotations

Branches:
Dungeon (2/15)

Altars:
Qazlal


Innate Abilities, Weirdness & Mutations

You cannot wear armour.
You are incapable of wielding weapons or throwing items.
Your paws allow you to move quietly. (Stealth)
You have sharp claws.
You have razor-sharp teeth.
You have supernaturally acute eyesight. (SInv)
You are carnivorous and can eat meat at any time.
You cover ground quickly.
You are covered in fur. (AC +1)
You have a slow metabolism.
Your sharp claws are effective at attacking unaware monsters.


Message History

The adder is lightly wounded.
The adder bites you.
You are lethally poisoned!
The adder poisons you!
You claw the adder!
The adder is almost dead.
You feel sick. The adder completely misses you.
You scratch the adder.
The adder is almost dead.
You feel sick. The adder bites you.
* * * LOW HITPOINT WARNING * * *
You miss the adder. Your bite misses the adder.
The adder is almost dead.
The adder bites you.
* * * LOW HITPOINT WARNING * * *
You are more poisoned.
The adder poisons you!
You scratch the adder.
You kill the adder!
You die...

..## ... ##.. #.. #.#
#S# #.# ####.
#########.#.....$
#.....@....#
#.#######..# #.# #..#
####.#######..#### ##
#............$.... .#
#.##.#####.##.... .#
##.##....##.# ..##
.######...#.###.#.##..#
.........<.## ##......#


There were no monsters in sight!

Vanquished Creatures
  4 adders (D:2)
  A worm (D:2)
  A dart slug (D:2)
  5 bats
  A giant cockroach (D:2)
  4 hobgoblins
  3 jackals (D:1)
  2 goblins (D:1)
  3 kobolds
24 creatures vanquished.

Vanquished Creatures (others)
  4 toadstools (D:1)
4 creatures vanquished.

Grand Total: 28 creatures vanquished

Notes
Turn   | Place    | Note
-------+----------+-------------------------------------------
     0 | D:1      | Descartes the Felid Monk began the quest for the Orb.
     0 | D:1      | Reached XP level 1. HP: 10/10 MP: 2/2
   748 | D:1      | Reached XP level 2. HP: 14/14 MP: 3/3
  1334 | D:2      | Reached XP level 3. HP: 17/17 MP: 4/4
  1362 | D:2      | Found a stormy altar of Qazlal.
  1642 | D:2      | Succumbed to an adder's poison

Levels and vault maps discovered:
D:1:      ldierk_walled_garden_2, layout_loops_ring
D:2:      layout_loops_ring, lemuel_round_altar, lemuel_crystal_altar,
          grunt_qazlal_clouds, minmay_3d_cube

Skill      XL: |  1 |
---------------+----+-----
Stealth        | 3 |  3.5
Fighting       | |  3.4
Dodging        | |  4.5
Unarmed Combat | |  3.8

Action                   || total
-------------------------++-------
Melee: Unarmed           ||    98
       Bite              ||     7
 Stab: Sleeping          ||     7
  Eat: Chunk             ||     9
Armor: Skin              ||     3
Dodge: Dodged            ||    80
